 Dungeon Crawl Stone Soup version 0.25-a0-561-g0977b4d109 (webtiles) character file.

Game seed: 12904694954318683181, levelgen mode: deterministic

83356 Flugslaktarn the Severer (level 15, -1/142 HPs)
             Began as a Deep Dwarf Fighter on Feb 25, 2020.
             Was the Champion of Makhleb.
             Succumbed to a redback's poison
             ... on level 2 of the Spider Nest.
             The game lasted 00:12:42 (14050 turns).

Flugslaktarn the Severer (Deep Dwarf Fighter)      Turns: 14050, Time: 00:12:42

Health: -1/142     AC: 26    Str: 28 (30) XL:     15   Next: 32%
Magic:  12/12      EV: 10    Int: 10      God:    Makhleb [******]
Gold:   2252       SH:  0    Dex: 10 (12) Spells: 14/14 levels left

rFire    . . .     SeeInvis .   H - +9 battleaxe (elec)
rCold    . . .     Gourm    .   (shield currently unavailable)
rNeg     + . .     Faith    .   o - +2 scale mail {rPois}
rPois    +         Spirit   .   Q - +2 helmet
rElec    .         Reflect  .   L - +0 cloak (curse)
rCorr    .         Harm     .   G - +2 pair of gloves {archery}
MR       ++...                  b - +0 pair of boots
Stlth    ..........             J - amulet of the acrobat
HPRegen  0.00/turn              p - +4 ring of protection
MPRegen  0.13/turn              E - +5 ring of strength

@: lethally poisoned (-1 -> -14), non-regenerating
A: damage resistance, heal wounds, negative energy resistance 1, sense
surroundings 2, no regeneration
a: Heal Wounds, Minor Destruction, Lesser Servant of Makhleb, Major Destruction,
Greater Servant of Makhleb, Renounce Religion


You were on level 2 of the Spider Nest.
You worshipped Makhleb.
Makhleb was exalted by your worship.
You were hungry.

You visited 5 branches of the dungeon, and saw 24 of its levels.
You also visited: Gauntlet.

You collected 2252 gold pieces.

Inventory:

Hand Weapons
 H - a +9 battleaxe of electrocution (weapon)
   (You took it off a wight on level 13 of the Dungeon)
Missiles
 M - a throwing net (quivered)
Armour
 b - a +0 pair of boots (worn)
   (You found it on level 9 of the Dungeon)
 o - a +2 scale mail of poison resistance (worn)
   (You took it off an orc on level 12 of the Dungeon)
 G - a +2 pair of gloves of archery (worn)
   (You found it on level 2 of the Lair of Beasts)
 L - a cursed +0 cloak (worn)
   (You found it on level 13 of the Dungeon)
 Q - a +2 helmet (worn)
   (You found it on level 7 of the Dungeon)
 R - a +2 plate armour of fire resistance
   (You found it in a Gauntlet)
Jewellery
 l - the ring of Incredulity {rCorr Str+4}
   (You found it in a Gauntlet)

   [ring of resist corrosion]

   It affects your strength (+4).
   It provides partial protection from all sources of acid and corrosion.
 p - a +4 ring of protection (left hand)
   (You found it on level 7 of the Dungeon)
 v - a +2 ring of evasion
   (You found it on level 2 of the Spider Nest)
 E - a +5 ring of strength (right hand)
   (You found it on level 9 of the Dungeon)
 J - an amulet of the acrobat (around neck)
   (You found it on level 3 of the Lair of Beasts)
 N - the ring of Tukloitepno {MR++ SInv}
   (You found it in a Gauntlet)

   [ring of see invisible]

   It affects your resistance to hostile enchantments.
   It lets you see invisible.
Wands
 c - a wand of digging (5)
   (You found it in a Gauntlet)
 n - a wand of clouds (4)
   (You found it on level 4 of the Dungeon)
 x - a wand of enslavement (18)
   (You found it on level 7 of the Dungeon)
 A - a wand of acid (14)
   (You took it off a centaur on level 7 of the Dungeon)
 D - a wand of iceblast (5)
   (You found it on level 10 of the Dungeon)
Scrolls
 g - 2 scrolls of magic mapping
 i - a scroll of enchant weapon
 k - 2 scrolls of immolation
 t - 7 scrolls of teleportation
 w - 6 scrolls of remove curse
 y - a scroll of fear
 z - 5 scrolls of blinking
 C - 3 scrolls of enchant armour
 F - 2 scrolls of silence
 P - 3 scrolls of fog
Potions
 a - a potion of haste {unknown}
 d - a potion of might
 f - 3 potions of stabbing
 h - 2 potions of ambrosia
 j - a potion of cancellation
 m - 8 potions of curing
 u - 2 potions of lignification
 B - 3 potions of heal wounds
 I - a potion of flight
 K - a potion of experience {unknown}
Comestibles
 e - 28 rations


   Skills:
 + Level 11.6 Fighting
 * Level 17.9 Axes
 + Level 13.5 Armour
   Level 7.6 Shields
 + Level 14.3 Invocations


You had 14 spell levels left.
You didn't know any spells.
Your spell library was empty.

Dungeon Overview and Level Annotations

Branches:
Dungeon (15/15)            Temple (1/1) D:7            Lair (3/6) D:8
 Shoals (0/4) Lair:2       Spider (3/4) Lair:2          Orc (2/2) D:12
    Elf (0/3) Orc:2        Vaults (0/5) D:14         Depths (0/5) D:15
Gauntlet (visited)

Altars:
Ashenzari
Dithmenos
Elyvilon
Fedhas
Gozag
Hepliaklqana
Kikubaaqudgha
Makhleb
Okawaru
Qazlal
Ru
Sif Muna
Trog
Uskayaw
Vehumet
Wu Jian
Xom
Yredelemnul
Zin
The Shining One

Shops:
D:11 }?%(   D:12 }   D:13 [   D:14 [   Orc:2 =(%((

Annotations:
D:9 1 exclusion


Innate Abilities, Weirdness & Mutations

You are resistant to damage.
You can heal yourself by infusing magical energy.
You resist negative energy. (rN+)
You passively map the area around you.
You do not regenerate.


Message History

You are too injured to fight recklessly!
You are too injured to fight recklessly!
You are too injured to fight recklessly!
You are too injured to fight recklessly!
You are too injured to fight recklessly!
You are too injured to fight recklessly!
You are too injured to fight recklessly!
You are too injured to fight recklessly!
Unknown command.
You hit the emperor scorpion.
The emperor scorpion is moderately wounded.
You feel very sick. The emperor scorpion stings you!!
* * * LOW HITPOINT WARNING * * *
The emperor scorpion claws you!
* * * LOW HITPOINT WARNING * * *
The emperor scorpion claws you but does no damage.
You slice the emperor scorpion!!
The emperor scorpion is heavily wounded.
You die...

* ,, ..#....#..# *
.#.#.........##
.....<.....$.^###### ,,
,......#.............####* *
,,.............#.......#.#^
,, .>..#.^....#......#......
, .....^.......(........... *
, .....#...†..........###^.
.[.#.^..@s..#...#..## #.# * ,
...........##^.###.####.. ,
.............######..^#.. *
.#......†#..## ##........
,,.......†...## ##†........
,,,,.#.#........###.....##...
* ,..#.........(#......##.#.
**# ##..............#....##
#..#.#....^....##....#


You could see an emperor scorpion (berserk).

Vanquished Creatures
  Jorgrun (D:13)
  Donald (Orc:2)
  A ghost moth (Spider:2)
  An emperor scorpion (Spider:2)
  A stone giant (Orc:2)
  4 entropy weavers
  A death ooze (Gauntlet)
  A yaktaur captain (D:14)
  3 ogre magi
  A centaur warrior (D:15)
  18 two-headed ogres
  A queen ant (Spider:2)
  A sun demon (D:14)
  An iron troll (Orc:2)
  2 skeletal warriors (D:15)
  An unseen horror (shapeshifter) (D:13)
  A deep troll (Orc:2)
  2 unseen horrors
  A glowing orange brain (Gauntlet)
  A wizard (D:15)
  A phantasmal warrior (D:15)
  A necromancer (D:15)
  2 wolf spiders (Spider:2)
  2 cyclopes
  5 orb spiders
  8 ugly things
  A tengu skeleton (D:15)
  A moth of wrath (Spider:3)
  A wolf spider zombie (D:14)
  6 elephants
  3 centaur zombies
  2 stone giant skeletons (D:15)
  A black mamba (Lair:1)
  A merfolk siren (Lair:2)
  3 centaur skeletons
  4 spiny frogs
  A komodo dragon (D:13)
  4 demonic crawlers
  5 kobold demonologists
  2 yaktaurs (D:14)
  An ice devil (D:14)
  9 trolls
  8 jumping spiders
  10 blink frogs
  9 hippogriffs
  7 slime creatures
  A deep troll skeleton (D:15)
  27 redbacks
  6 tarantellas
  2 shadows
  2 vampires
  A wraith (D:15)
  15 yaks
  A basilisk (shapeshifter) (D:14)
  2 wyverns
  4 hogs (D:10)
  3 vampire mosquitoes (D:13)
  A human (D:10)
  4 basilisks
  2 wargs (Orc:2)
  5 hungry ghosts
  Menkaure (D:6)
  8 soldier ants
  Duvessa (D:7)
  5 water moccasins
  4 porcupines
  2 acid dragons
  2 phantoms
  A black bear (D:12)
  A necrophage (D:9)
  14 orc warriors
  4 ice beasts
  A centaur (shapeshifter) (D:15)
  28 ogres
  17 centaurs
  2 crocodiles
  4 big kobolds
  9 bullfrogs
  2 gnoll sergeants
  A wyvern zombie (D:13)
  Dowan (D:7)
  9 scorpions
  3 wyvern skeletons
  A water moccasin skeleton (D:9)
  5 killer bees (D:10)
  A howler monkey (D:4)
  13 wights
  10 crimson imps
  2 jellies
  5 bullfrog zombies
  8 orc priests
  A bullfrog skeleton (D:9)
  10 hounds
  An iguana (D:11)
  16 orc wizards
  22 worker ants
  2 hound skeletons
  3 worker ant zombies
  17 gnolls
  A howler monkey skeleton (D:7)
  11 adders
  4 shadow imps
  16 white imps
  An ooze (D:3)
  2 adder skeletons
  3 worms
  3 leopard geckos
  55 orcs
  2 bats
  3 bat zombies (D:9)
  5 giant cockroaches
  2 goblins
  A hobgoblin (D:2)
  4 jackals
  19 kobolds
  2 quokkas
  2 frilled lizards (D:4)
  A jackal zombie (D:8)
  A rat (D:2)
  A rat zombie (D:9)
  A fungus (Gauntlet)
  4 toadstools (D:1)
  2 withered plants (D:15)
601 creatures vanquished.

Vanquished Creatures (collateral kills)
  A minotaur (Gauntlet)
1 creature vanquished.

Vanquished Creatures (others)
  A crimson imp (D:14)
  An orc wizard (D:7)
  A frilled lizard (D:1)
  A fungus (Lair:1)
  3 plants (Gauntlet)
7 creatures vanquished.

Grand Total: 609 creatures vanquished

Notes
Turn   | Place    | Note
-------+----------+-------------------------------------------
     0 | D:1      | Flugslaktarn the Deep Dwarf Fighter began the quest for the
                  | Orb.
     0 | D:1      | Reached XP level 1. HP: 20/20 MP: 1/1
    99 | D:1      | Reached XP level 2. HP: 27/27 MP: 2/2
   172 | D:2      | Reached skill level 3 in Axes
   172 | D:2      | Reached XP level 3. HP: 25/33 MP: 3/3
   313 | D:4      | Reached XP level 4. HP: 17/42 MP: 3/3
   586 | D:4      | Reached skill level 4 in Axes
   586 | D:4      | Reached XP level 5. HP: 33/49 MP: 4/4
  1089 | D:5      | Entered Level 5 of the Dungeon
  1600 | D:5      | Reached XP level 6. HP: 42/57 MP: 5/5
  1914 | D:6      | Reached skill level 5 in Axes
  1921 | D:6      | HP: 2/57 [ogre/+0 giant club (17)]
  1937 | D:6      | Reached XP level 7. HP: 34/64 MP: 5/5
  1967 | D:6      | Reached skill level 5 in Armour
  2012 | D:6      | Reached skill level 5 in Shields
  2014 | D:6      | Reached skill level 6 in Axes
  2075 | D:6      | Noticed Menkaure
  2094 | D:6      | Killed Menkaure
  2454 | D:6      | Reached XP level 8. HP: 54/73 MP: 4/4
  2492 | D:6      | Reached skill level 7 in Axes
  2624 | D:6      | Found a glowing silver altar of Zin.
  2918 | D:7      | Noticed Duvessa
  2919 | D:7      | Noticed Dowan
  2937 | D:7      | Killed Duvessa
  2937 | D:7      | Reached skill level 5 in Fighting
  2947 | D:7      | Killed Dowan
  2983 | D:7      | Found a staircase to the Ecumenical Temple.
  3028 | Temple   | Entered the Ecumenical Temple
  3164 | Temple   | Became a worshipper of Makhleb the Destroyer
  3308 | D:7      | Reached skill level 1 in Invocations
  3337 | D:7      | Noticed a two-headed ogre
  3355 | D:7      | Killed a two-headed ogre
  3355 | D:7      | Reached skill level 8 in Axes
  3355 | D:7      | Gained mutation: You passively map the area around you.
                  | [Deep Dwarf growth]
  3355 | D:7      | Reached XP level 9. HP: 32/81 MP: 3/6
  3766 | D:7      | Reached skill level 9 in Axes
  4143 | D:8      | Reached * piety under Makhleb
  4235 | D:8      | Found a staircase to the Lair.
  4235 | D:8      | Noticed an elephant
  4309 | D:8      | Killed an elephant
  4309 | D:8      | Reached XP level 10. HP: 44/91 MP: 7/7
  4313 | D:8      | Reached skill level 10 in Axes
  4313 | D:8      | Reached skill level 5 in Invocations
  4811 | D:9      | Reached ** piety under Makhleb
  4974 | D:9      | Found an ancient bone altar of Kikubaaqudgha.
  5246 | D:9      | Killed an unseen horror
  5549 | D:9      | Found a shimmering blue altar of Sif Muna.
  5579 | D:9      | Reached skill level 11 in Axes
  5774 | D:10     | Entered Level 10 of the Dungeon
  5799 | D:10     | Noticed an eight-headed hydra
  5801 | D:10     | Noticed a centaur warrior
  5848 | D:10     | Noticed a red ugly thing
  5848 | D:10     | Noticed a white ugly thing
  5931 | D:10     | Reached XP level 11. HP: 89/100 MP: 9/9
  5989 | D:10     | Reached *** piety under Makhleb
  6080 | D:10     | Noticed a two-headed ogre
  6083 | D:10     | Noticed a two-headed ogre
  6087 | D:10     | Killed a two-headed ogre
  6091 | D:10     | Killed a two-headed ogre
  6270 | D:10     | Reached skill level 12 in Axes
  6529 | D:11     | Found Zeunlets's Food Emporium.
  6639 | D:11     | Found Siagalut's Weapon Emporium.
  6850 | D:11     | Noticed a two-headed ogre
  6857 | D:11     | Killed a two-headed ogre
  6902 | D:11     | Found Areyrel's Magic Scroll Emporium.
  6946 | D:11     | Found Vealagh's Gadget Shoppe.
  7184 | D:12     | Reached **** piety under Makhleb
  7242 | D:12     | Found Mibrur's Gadget Shop.
  7250 | D:12     | Found a staircase to the Orcish Mines.
  7520 | D:12     | Noticed a sixfirhy
  7520 | D:12     | Reached skill level 13 in Axes
  7610 | D:12     | Reached skill level 10 in Armour
  7617 | D:12     | Found a blossoming altar of Fedhas.
  7982 | D:12     | Reached XP level 12. HP: 112/112 MP: 12/12
  8207 | D:13     | Noticed Jorgrun
  8222 | D:13     | Killed Jorgrun
  8222 | D:13     | Reached skill level 10 in Invocations
  8277 | D:13     | Found Paen's Antique Armour Shoppe.
  8809 | D:14     | Reached skill level 14 in Axes
  8904 | D:14     | Noticed a yaktaur captain
  8919 | D:14     | Killed a yaktaur captain
  8925 | D:14     | Reached ***** piety under Makhleb
  8929 | D:14     | Found a gate to the Vaults.
  9083 | D:14     | Found Sima's Antique Armour Boutique.
  9314 | D:15     | Entered Level 15 of the Dungeon
  9316 | D:15     | Found a staircase to the Depths.
  9342 | D:15     | Reached XP level 13. HP: 115/121 MP: 14/14
  9459 | D:15     | Reached skill level 15 in Axes
  9595 | D:15     | Reached skill level 10 in Fighting
 10060 | Lair:1   | Entered Level 1 of the Lair of Beasts
 10211 | Lair:2   | Found a hole to the Spider Nest.
 10510 | Lair:2   | Found a staircase to the Shoals.
 10655 | Lair:2   | Found a frozen archway.
 10951 | Spider:1 | Entered Level 1 of the Spider Nest
 10957 | Spider:1 | Reached ****** piety under Makhleb
 11039 | Spider:1 | Reached skill level 16 in Axes
 11136 | Lair:3   | Gained mutation: You resist negative energy. (rN+) [Deep
                  | Dwarf growth]
 11136 | Lair:3   | Reached XP level 14. HP: 120/133 MP: 16/16
 11462 | Lair:3   | Found a gate leading to a gauntlet.
 11497 | Gauntlet | Entered a Gauntlet
 11497 | Gauntlet | Found a transporter.
 11504 | Gauntlet | Found a runed translucent door.
 11506 | Gauntlet | Found a transporter.
 11508 | Gauntlet | Found a runed translucent door.
 11518 | Gauntlet | Found a transporter.
 11518 | Gauntlet | Noticed a reaper
 11522 | Gauntlet | Found a transporter.
 11524 | Gauntlet | Found a large runed translucent door.
 11524 | Gauntlet | Found a large runed translucent door.
 11525 | Gauntlet | Found a large runed translucent door.
 11526 | Gauntlet | Found a large runed translucent door.
 11526 | Gauntlet | Found a large runed translucent door.
 11526 | Gauntlet | Found a runed translucent door.
 11527 | Gauntlet | Found a large runed translucent door.
 11528 | Gauntlet | Found a large runed translucent door.
 11529 | Gauntlet | Found a large runed translucent door.
 11529 | Gauntlet | Found a large runed translucent door.
 11530 | Gauntlet | Found a runed translucent gate.
 11540 | Gauntlet | Found a transporter.
 11540 | Gauntlet | Found a runed translucent gate.
 11541 | Gauntlet | Found a runed translucent gate.
 11542 | Gauntlet | Found a large runed translucent door.
 11542 | Gauntlet | Found a large runed translucent door.
 11543 | Gauntlet | Found a large runed translucent door.
 11544 | Gauntlet | Found a large runed translucent door.
 11553 | Gauntlet | Found a transporter.
 11554 | Gauntlet | Found a large runed translucent door.
 11554 | Gauntlet | Found a large runed translucent door.
 11554 | Gauntlet | Found a runed translucent door.
 11555 | Gauntlet | Found a large runed translucent door.
 11560 | Gauntlet | Found a transporter.
 11561 | Gauntlet | Found a transporter.
 11584 | Gauntlet | Found a transporter.
 11602 | Gauntlet | Found a transporter.
 11606 | Gauntlet | Found a transporter.
 11614 | Gauntlet | Found a transporter.
 11683 | Gauntlet | Got a smoking glass ring
 11724 | Gauntlet | Got a transparent platinum ring
 11777 | Gauntlet | Identified the ring of Incredulity {rCorr Str+4} (You found
                  | it in a Gauntlet)
 11778 | Gauntlet | Identified the ring of Tukloitepno {MR++ SInv} (You found
                  | it in a Gauntlet)
 11989 | Orc:1    | Entered Level 1 of the Orcish Mines
 12239 | Orc:2    | Entered Level 2 of the Orcish Mines
 12239 | Orc:2    | Found Vegez's Antique Weapon Shoppe.
 12240 | Orc:2    | Found Wauj's Antique Weapon Shoppe.
 12240 | Orc:2    | Noticed a stone giant
 12249 | Orc:2    | Noticed Donald
 12257 | Orc:2    | Killed a stone giant
 12293 | Orc:2    | Killed Donald
 12308 | Orc:2    | Reached skill level 17 in Axes
 12358 | Orc:2    | Found Qiem's Jewellery Shoppe.
 12437 | Orc:2    | Found Teweqiagh's Weapon Shop.
 12437 | Orc:2    | Found Haist's Food Emporium.
 12607 | Orc:2    | Found a staircase to the Elven Halls.
 13172 | Spider:1 | Noticed an entropy weaver
 13181 | Spider:1 | Killed an entropy weaver
 13334 | Spider:2 | Noticed an entropy weaver
 13341 | Spider:2 | Noticed an entropy weaver
 13356 | Spider:2 | Killed an entropy weaver
 13430 | Spider:2 | Reached XP level 15. HP: 83/142 MP: 15/15
 13724 | Spider:2 | Killed a ghost moth
 14049 | Spider:2 | HP: 1/142 [emperor scorpion (15)]
 14050 | Spider:2 | Succumbed to a redback's poison

Levels and vault maps discovered:
D:1:      ldierk_water_garden, layout_basic
D:2:      layout_basic, marbit_many_paths, gammafunk_temple_overflow_wave,
          chequers_serial_rivers_small_b, chequers_serial_rivers_small_b,
          nemelex_xobeh_ov_fountains_minmay, uniq_crazy_yiuf_cottage,
          uniq_natasha
D:3:      layout_rooms
D:4:      layout_cave_pods, first_ration, serial_glass, glass_columns_b,
          glass_columns_a
D:5:      layout_basic
D:6:      layout_loops_ring, zin_scriptorium, uniq_menkaure
D:7:      layout_basic, temple_doors_cd, uniq_duvessa
D:8:      layout_rooms, david_lair_generic
D:9:      minmay_polygon_palace, layout_layer_cave, tgw_sif,
          lemuel_zombie_altar_kikubaaqudgha
D:10:     layout_stronghold, grunt_livestock, minivault_12
D:11:     layout_basic, serial_shops, nicolae_shop_stone,
          nicolae_shop_behind_doors, kennysheep_little_box,
          nicolae_shop_behind_doors
D:12:     layout_basic, orc_0_dummy, serial_shops, kennysheep_mini,
          fedhas_altar_fruit_tree
D:13:     layout_roguey, serial_shops, nicolae_shop_stone, uniq_jorgrun
D:14:     layout_gridville, david_vaults_2, chequers_serial_rivers_small_a,
          serial_shops, shop, minmay_fire_ice_demons
D:15:     gammafunk_depths_entry_grave, layout_rooms
Temple:   regret_index_temple_sphere_string
Lair:1:   layout_long_grid, minivault_24, kb_xom_exploding_sheep,
          serial_bayou_shore_a
Lair:2:   layout_concentric_octagons, minmay_shoals_entry_lonely_mermaid,
          spider_nest_entry_a, portal_ice_cave_entry_imps
Lair:3:   layout_chaotic_city, gauntlet_entry_generic, grunt_megastairs_5
Spider:1: layout_spider_delve
Spider:2: layout_spider_delve, drop_trap, minmay_another_anthill,
          nicolae_spider_cling_halls
Spider:3: layout_spider_delve, uniq_bai_suzhen
Orc:1:    layout_caves
Orc:2:    st_orc_open, layout_caves, serial_shops,
          nicolae_shop_temple_entry_statues_fountains, uniq_donald

Skill      XL: |  1  2  3  4  5  6  7  8  9 10 11 12 13 14 15 |
---------------+----------------------------------------------+-----
Axes           | 3 4 5 6 8 9 11 13 14 16 17 | 17.9
Fighting       | 3 4 5 6 7 8 9 10 11 | 11.6
Armour         | 4 5 6 7 8 10 11 12 13 | 13.5
Shields        | 4 5 6 7 |  7.6
Invocations    | 2 4 7 9 11 12 13 14 | 14.3

Action                   |  1- 3 |  4- 6 |  7- 9 | 10-12 | 13-15 || total
-------------------------+-------+-------+-------+-------+-------++-------
Melee: War axe           |    64 |   113 |    90 |       |       ||   267
       Hand axe          |       |       |   355 |    25 |       ||   380
       Battleaxe         |       |       |       |   535 |   723 ||  1258
Invok: Lesser Servant of |       |       |       |       |     3 ||     3
 Abil: Heal Wounds       |     2 |     7 |    12 |     3 |    22 ||    46
Evoke: Wand              |       |       |       |       |     1 ||     1
  Use: Scroll            |       |       |       |    15 |    16 ||    31
 Stab: Held in net/web   |       |       |       |       |     3 ||     3
  Eat: Chunk             |       |     3 |    13 |    19 |     9 ||    44
       Ration            |       |       |     1 |       |     3 ||     4
Armor: Scale mail        |    34 |    45 |    44 |       |   242 ||   365
       Chain mail        |       |       |   160 |   491 |       ||   651
       Plate armour      |       |       |       |    63 |   438 ||   501
Dodge: Dodged            |    35 |    37 |    84 |   295 |   376 ||   827
Block: Kite shield       |    51 |    55 |   214 |    18 |       ||   338

Table legend:
 A = Non-vault XP
 B = Vault XP
 C = Vault XP percentage of total XP
 D = Non-vault monster count
 E = Vault monster count
 F = Vault count percentage of total count
                 A         B        C        D         E       F
            +---------+---------+-------+---------+---------+-------
      Total |   72386 |   46694 |  39.2 |     451 |     146 |  24.5
            +---------+---------+-------+---------+---------+-------
        D:1 |      13 |       0 |   0.0 |       6 |       0 |   0.0
        D:2 |      42 |       0 |   0.0 |       9 |       0 |   0.0
        D:3 |      14 |       0 |   0.0 |       3 |       0 |   0.0
        D:4 |     194 |       0 |   0.0 |       9 |       0 |   0.0
        D:5 |     197 |       0 |   0.0 |      11 |       0 |   0.0
        D:6 |    1021 |     172 |  14.4 |      27 |       1 |   3.6
        D:7 |    2035 |     232 |  10.2 |      33 |       2 |   5.7
        D:8 |     877 |    1089 |  55.4 |      19 |       4 |  17.4
        D:9 |    1446 |    1621 |  52.9 |      29 |      18 |  38.3
       D:10 |    3830 |     972 |  20.2 |      22 |       5 |  18.5
       D:11 |    4367 |       0 |   0.0 |      30 |       0 |   0.0
       D:12 |    4929 |       0 |   0.0 |      33 |       0 |   0.0
       D:13 |    2692 |    3242 |  54.6 |      25 |       1 |   3.8
       D:14 |    1818 |    3032 |  62.5 |      10 |      13 |  56.5
       D:15 |   14535 |    4533 |  23.8 |      35 |       8 |  18.6
     Lair:1 |    2428 |       0 |   0.0 |      10 |       0 |   0.0
     Lair:2 |    2085 |    1095 |  34.4 |      10 |      15 |  60.0
     Lair:3 |    4143 |    2596 |  38.5 |      18 |       7 |  28.0
   Spider:1 |    7705 |     162 |   2.1 |      22 |       1 |   4.3
   Spider:2 |   12653 |    5291 |  29.5 |      29 |      27 |  48.2
   Spider:3 |    1200 |       0 |   0.0 |       4 |       0 |   0.0
      Orc:1 |     533 |       0 |   0.0 |      12 |       0 |   0.0
      Orc:2 |    2834 |   18569 |  86.8 |      42 |      38 |  47.5
   Gauntlet |     795 |    4088 |  83.7 |       3 |       6 |  66.7
            +---------+---------+-------+---------+---------+-------
